 Dungeon Crawl Stone Soup version 0.16-a0-3320-ga5ba31b (webtiles) character file.

392 Minkie the Ruffian (level 6, 0/57 HPs)
             Began as a Troll Hunter on Dec 26, 2014.
             Was an Initiate of Okawaru.
             Slain by a sky beast (6 damage)
             ... on level 5 of the Dungeon.
             The game lasted 00:07:13 (2413 turns).

Minkie the Ruffian (Troll Hunter)                   Turns: 2413, Time: 00:07:13

Health: 0/57       AC:  5    Str: 21    XL:     6   Next: 50%
Magic:  3/3        EV: 10    Int:  7    God:    Okawaru [......]
Gold:   231        SH:  0    Dex: 12    Spells: 0 memorised, 5 levels left

rFire  . . .     SeeInvis .       - Unarmed
rCold  . . .     Clarity  .     d - +0 animal skin
rNeg   . . .     SustAb   .     (shield restricted)
rPois  .         Gourm    +     (helmet restricted)
rElec  .         Spirit   .     (no cloak)
rCorr  .         Warding  .     (gloves unavailable)
rMut   .         Stasis   .     (boots unavailable)
MR     .....                    (no amulet)
Stlth  +.........               (no ring)
                                (no ring)

@: not resistant to hostile enchantments, very unstealthy
A: unfitting armour, claws 3, fast metabolism 3, gourmand, regeneration 2,
shaggy fur 1, tough skin 2
a: Renounce Religion


You were on level 5 of the Dungeon.
You worshipped Okawaru.
Okawaru was noncommittal.
You were near starving.

You visited 2 branches of the dungeon, and saw 5 of its levels.

You collected 231 gold pieces.

Inventory:

Missiles
 b - 5 large rocks (quivered)
 c - 3 throwing nets
Armour
 d - a +0 animal skin (worn)
 h - a +0 shield
Scrolls
 i - a scroll of magic mapping {unknown}
 j - 2 scrolls of remove curse {unknown}
 m - 3 scrolls of teleportation {unknown}
 p - 4 scrolls of blinking {unknown}
 q - 2 scrolls of identify {unknown}
Potions
 a - a potion of magic {unknown}
 e - a potion of cancellation {unknown}
 g - 2 potions of brilliance {unknown}
 k - 3 potions of curing {unknown}
 l - a potion of flight {unknown}
 o - 4 potions of heal wounds {unknown}
Comestibles
 f - 3 meat rations
 n - 3 bread rations


   Skills:
 - Level 2.0 Fighting
 - Level 3.6 Throwing
 - Level 1.5 Dodging
 - Level 0.4 Stealth
 + Level 6.4 Unarmed Combat


You had 5 spell levels left.
You didn't know any spells.

Dungeon Overview and Level Annotations

Branches:
Dungeon (5/15)             Temple (1/1) D:5

Altars:
Ashenzari
Cheibriados
Dithmenos
Fedhas
Gozag
Makhleb
Nemelex Xobeh
Okawaru
Qazlal
Xom
Yredelemnul


Innate Abilities, Weirdness & Mutations

You are too large for most types of armour.
You have claws for hands.
Your metabolism is lightning-fast.
You like to eat raw meat.
You heal very quickly.
You are covered in fur (AC +1).
You have very tough skin (AC +2).


Message History

* * * LOW HITPOINT WARNING * * *
The orc closely misses you.
You closely miss the orc wizard.
The orc wizard is severely wounded.
The orc wizard barely misses you. The orc closely misses you.
The orc priest calls down the wrath of Beogh upon you.
You barely resist. You claw the orc wizard!
You kill the orc wizard!
Okawaru accepts your kill. The orc closely misses you.
The orc priest hits you with a hand axe!
* * * LOW HITPOINT WARNING * * *
You claw the orc priest!
The orc priest begins to bleed from its wounds!
The orc priest is heavily wounded.
The sky beast hits you.
* * * LOW HITPOINT WARNING * * *
The sky beast shocks you.
You die...

#......#
##...
#......#
####
#......#
#......#
#......#
#......#
#......#
#......#
#..@...#
#.ooY..#
#......#
#......#
#......#
#......#
#......#
#####
#......#
#....
...
#....


You could see a sky beast, an orc priest (bleeding) and an orc.

Vanquished Creatures
  A scorpion (D:5)
  A crimson imp (D:5)
  A hound (D:5)
  An orc priest (D:5)
  A centaur skeleton (D:5)
  An orc wizard (D:5)
  An iguana (D:5)
  A worker ant (D:5)
  A hound skeleton (D:5)
  3 gnolls (D:2)
  3 adders
  A giant mite (D:5)
  3 worms
  An adder zombie (D:5)
  An ooze (D:5)
  3 orcs
  A giant cockroach (D:1)
  4 hobgoblins
  4 quokkas
  7 bats
  A giant newt (D:2)
  4 goblins
  3 jackals (D:2)
  3 kobolds
  6 rats
57 creatures vanquished.

Notes
Turn   | Place    | Note
--------------------------------------------------------------
     0 | D:1      | Minkie, the Troll Hunter, began the quest for the Orb.
     0 | D:1      | Reached XP level 1. HP: 19/19 MP: 1/1
   119 | D:1      | Reached skill level 1 in Unarmed Combat
   160 | D:1      | Reached XP level 2. HP: 25/28 MP: 1/1
  1114 | D:2      | Reached XP level 3. HP: 23/35 MP: 2/2
  1362 | D:2      | Reached XP level 4. HP: 42/42 MP: 2/2
  1684 | D:3      | You fall through a shaft for 2 floors!
  1684 | D:5      | Entered Level 5 of the Dungeon
  1711 | D:5      | Reached skill level 4 in Unarmed Combat
  1766 | D:5      | Reached XP level 5. HP: 44/49 MP: 2/2
  1817 | D:5      | Found a staircase to the Ecumenical Temple.
  1830 | Temple   | Entered the Ecumenical Temple
  1961 | Temple   | Became a worshipper of Warmaster Okawaru
  1996 | D:5      | Reached skill level 5 in Unarmed Combat
  2227 | D:5      | Reached XP level 6. HP: 34/57 MP: 3/3
  2292 | D:5      | Found a shimmering altar of Xom.
  2296 | D:5      | Reached skill level 6 in Unarmed Combat
  2300 | D:5      | Found a shattered altar of Ashenzari.
  2303 | D:5      | Found a shadowy altar of Dithmenos.
  2399 | D:5      | Noticed a sky beast
  2413 | D:5      | Slain by a sky beast

Action                   |  1- 3 |  4- 6 || total
-------------------------+-------+-------++-------
Melee: Unarmed           |    99 |    88 ||   187
  Eat: Chunk             |    13 |     3 ||    16
       Pizza             |       |     1 ||     1
